Map: Ulrena

Players

ILLBdA - Winner!

  • Race: Protoss Protoss
  • League: Diamond

Rotis

  • Race: Protoss Protoss
  • League: Diamond

VOD

Have the link to the VOD?

Description

Time

  • Played on: Jan. 3, 2016, 10:59 p.m.
  • Length: 1:57
Show
View Real Time Build Order
Export as new Build Order

ILLBdA Protoss - Winner!

Build Orders:  

Get SALT Encoding   

  12  0:01  Probe (Chrono Boost)  
  13  0:13  Probe (Chrono Boost)  
  14  0:17  Pylon  
  14  0:24  Probe (Chrono Boost)  
  16  0:36  Probe (Chrono Boost)  
  16  0:43  Forge  
  16  0:46  Probe (Chrono Boost)  
  17  0:57  Probe (Chrono Boost)  
  18  1:07  Pylon x2  
  18  1:09  Probe (Chrono Boost)  
  19  1:25  Photon Cannon  
  19  1:30  Probe (Chrono Boost)  
  20  1:47  Pylon  
  20  1:53  Photon Cannon  
  20  1:54  Pylon  
Show
View Real Time Build Order
Export as new Build Order

Rotis Protoss 

Build Orders:  

Get SALT Encoding   

  12  0:09  Pylon  
  12  0:13  Probe (Chrono Boost)  
  13  0:24  Probe (Chrono Boost)  
  14  0:31  Gateway  
  14  0:35  Probe (Chrono Boost)  
  15  0:41  Assimilator  
  15  0:46  Probe (Chrono Boost)  
  16  0:51  Assimilator  
  16  0:56  Probe (Chrono Boost)  
  17  1:07  Probe (Chrono Boost)  
  20  1:25  Zealot (Chrono Boost)  
  20  1:28  Probe  
  21  1:35  Pylon  
  21  1:40  Probe  
Tags
 
Matchup
PvP
Replay Pack
me
Add a new tag
Caveats
  • Supply blocks, unpowered buildings, or Contaminate may cause inaccurate times.
  • Supply counts are checked every 10 seconds.